 Dungeon Crawl Stone Soup version 0.30-a0-1050-g2766ea1e55 (webtiles) character file.

Game seed: 3053642850904981948

42 Arcadio the Grave Robber (level 3, -1/24 HPs)
             Began as a Human Necromancer on Apr 10, 2023.
             Succumbed to an adder's poison
             ... on level 2 of the Dungeon.
             The game lasted 00:02:17 (1133 turns).

Arcadio the Grave Robber (Human Necromancer)        Turns: 1133, Time: 00:02:18

Health: -1/24      AC:  3    Str:  8    XL:     3   Next: 80%
Magic:  6/6        EV: 12    Int: 17    God:
Gold:   11         SH:  0    Dex: 13    Spells: 3/7 levels left

rFire   . . .      SeeInvis .    c - +0 mace
rCold   . . .      Faith    .    (no shield)
rNeg    . . .      Spirit   .    a - +0 robe
rPois   .          Reflect  .    (no helmet)
rElec   .          Rampage  .    e - +0 cloak
rCorr   .                        (no gloves)
Will    .....                    (no boots)
Stlth   ++                       (no amulet)
HPRegen 0.24/turn                (no ring)
MPRegen 0.10/turn                (no ring)

@: mighty, lethally poisoned (-1 -> -10)
A: no striking features
a: no special abilities


You were on level 2 of the Dungeon.
You visited 1 branch of the dungeon, and saw 2 of its levels.

You collected 11 gold pieces.

Inventory:

Hand Weapons
 c - a +0 mace (weapon)
Armour
 a - a +0 robe (worn)
 e - a +0 cloak (worn)
Potions
 b - a potion of magic


   Skills:
 + Level 2.7 Dodging
 - Level 2.0 Stealth
 + Level 2.6 Spellcasting
 + Level 4.4 Necromancy


You had 3 spell levels left.
You knew the following spells:

 Your Spells              Type           Power      Damage    Failure   Level
a - Necrotise             Necr           68%        1d7       3%          1
b - Vampiric Draining     Necr           17%        2d7       9%          3

Your spell library contained the following spells:

 Spells                   Type           Power      Damage    Failure   Level
 Shock                    Conj/Air       8%         1d3       19%         1
 Swiftness                Air            2%         N/A       50%         3
 Animate Dead             Necr           17%        N/A       28%         4
 Agony                    Necr           17%        N/A       63%         5
 Airstrike                Air            1%         2d(1-17)  88%         4


Dungeon Overview and Level Annotations

Branches:
Dungeon (2/15) Zot: 10840

Altars:

Shops:
D:1 [


Message History

The adder hisses angrily.
The dart slug barely misses you.
You sock the dart slug!
The dart slug is severely wounded.
The dart slug launches a dart at you. The slug dart hits you.
The adder closely misses you.
You hit the dart slug.
The dart slug is almost dead.
The adder bites you.
You are poisoned.
The adder poisons you! The dart slug launches a dart at you.
The slug dart hits you.
You hit the dart slug.
You kill the dart slug!
You feel sick. The adder bites you. The adder misses you.
You thump the adder!
The adder is severely wounded.
You feel sick. The adder barely misses you. x2
You barely miss the adder.
The adder is severely wounded.
You feel sick.
You are no longer poisoned.
The adder bites you.
You are poisoned.
The adder poisons you! The adder bites you.
You barely miss the adder.
The adder is severely wounded.
You feel sick. The adder barely misses you. The adder bites you.
* * * LOW HITPOINT WARNING * * *
It was a potion of might.
You feel very mighty all of a sudden.
* * * LOW HITPOINT WARNING * * *
You feel sick. The adder bites you.
* * * LOW HITPOINT WARNING * * *
You are more poisoned.
The adder poisons you!
You closely miss the adder.
The adder is severely wounded.
You die...

...... ~~~≈≈.~ .#
......# .~.~~~. #.#
.......#.~~...~ #.#
........#~... ..###
.........#.. #.....
..........#####...$..
......S.w............
......†@.....†.#.....
....<......[......#
..........#.......#
.........#..#####..#
..?....#.#.†# ...
.....<##...<# $.
.........##.# .
.....###.##.# ....
..##.#


You could see a worm and an adder.

Vanquished Creatures
  2 dart slugs (D:2)
  A ball python (D:1)
  4 endoplasms (D:1)
  3 giant cockroaches (D:1)
  2 goblins (D:1)
  2 hobgoblins (D:1)
  4 jackals (D:1)
  3 quokkas
  3 bats
  2 frilled lizards (D:1)
  2 kobolds (D:1)
  3 rats
31 creatures vanquished.

Vanquished Creatures (collateral kills)
  2 jackals (D:1)
2 creatures vanquished.

Grand Total: 33 creatures vanquished

Notes
Turn   | Place    | Note
-------+----------+-------------------------------------------
     0 | D:1      | Arcadio the Human Necromancer began the quest for the Orb.
     0 | D:1      | Reached XP level 1. HP: 13/13 MP: 3/3
    93 | D:1      | Reached XP level 2. HP: 12/19 MP: 0/5
   268 | D:1      | Found Qaic's Armour Shop.
   290 | D:1      | Reached XP level 3. HP: 17/24 MP: 6/6
   630 | D:1      | Learned a level 3 spell: Vampiric Draining
  1132 | D:2      | HP: 1/24 [adder (1)]
  1133 | D:2      | Succumbed to an adder's poison

Illustrated notes

Levels and vault maps discovered:
D:1:      matt_arrival_los_fun, layout_basic, serial_shops, nicolae_shop_crystal
D:2:      layout_rooms, shapermc_ecumenical_altar_starsandcircs,
          nicolae_grassy_gnolls

Action                     || total
---------------------------++-------
  Melee: Unarmed           ||    11
         Punch             ||     1
         Mace              ||    69
   Cast: Necrotise         ||    19
    Use: Potion            ||     1
   Stab: Sleeping          ||     4
 Armour: Robe              ||    14
  Dodge: Dodged            ||    67

Table legend: (Time is in decaauts)
 A = Elapsed time spent in this place.
 B = Non-inter-level travel time spent in this place.
 C = Inter-level travel time spent in this place.
 D = Time resting spent in this place.
 E = Time spent auto-exploring this place.
 F = Levels seen in this place.
 G = Mean time per level.
                   A        B        C        D        E       F      G
               +--------+--------+--------+--------+--------+-----+--------+
         Total |   1159 |   1135 |     24 |      0 |    873 |   2 |  579.5 |
       Dungeon |   1159 |   1135 |     24 |      0 |    873 |   2 |  579.5 |
               +--------+--------+--------+--------+--------+-----+--------+

Top non-repeatable levels by time:
     D:1: 1118 daAuts
     D:2: 41 daAuts
